[Event "*** Titled Tuesday Blitz"]
[Site "Chess.com"]
[Date "2021.03.02"]
[Round "6"]
[White "Caracternin123"]
[Black "guillembaches"]
[Result "1-0"]
[WhiteElo "2616"]
[BlackElo "2472"]
[TimeControl "180+1"]
[EndTime "11:06:57 PST"]
[Termination "Caracternin123 won on time"]

1. d4 Nf6 2. Nf3 e6 3. g3 c5 4. Bg2 cxd4 5. O-O a6 6. Nxd4 Qc7 7. b3 Be7 8. c4 O-O 9. Bb2 d6 10.
Nc3 Nbd7 11. Rc1 Rb8 12. Qd2 Ne5 13. Rfd1 Rd8 14. f4 Ned7 15. h3 Re8 16. e3 Bf8 17. Ba3 g6 18. Nde2 Nc5 19. g4 b6 20. g5 Nh5 21. b4 Nd7 22. Ne4 Bb7 23. Nxd6 Bxg2 24. Nxe8 Qb7 25. Ng3 Bxh3 26. Nxh5 Rxe8 27. Kh2 Bf5 28.
Qg2 Be4 29. Rxd7 Qa8 30. Nf6+ Kh8 31. Qxe4 1-0

[Event "*** Titled Tuesday Blitz"]
[Site "Chess.com"]
[Date "2021.03.02"]
[Round "6"]
[White "LuisFSiles"]
[Black "JQuiroga18"]
[Result "1-0"]
[WhiteElo "2319"]
[BlackElo "2424"]
[TimeControl "180+1"]
[EndTime "11:06:57 PST"]
[Termination "LuisFSiles won by resignation"]

1. e4 e5 2. Nf3 Nc6 3. Bc4 Nf6 4. d4 exd4 5. O-O d6 6. Nxd4 Be7 7. Nc3 O-O 8. Re1 Nxd4 9. Qxd4 Be6 10. Bxe6 fxe6 11.
e5 c5 12. Qc4 d5 13. Qe2 Nd7 14. Qg4 Qb6 15. Nxd5 exd5 16. Qxd7 Qd8 17. Qe6+ Kh8 18.
Bd2 d4 19. Rad1 Rc8 20. c3 Rc6 21. Qc4 dxc3 22. Bxc3 Qe8 23. e6 Qh5 24. Qe2 Qg6 25. Qe5 b5 26. Rd7 Bf6 27. e7 Re8 28. Qe2 Bxc3 29. bxc3 Rf6 30. Rd8 Kg8 31. Rxe8+ Qxe8 32. Qe5 Rf7 33. Qxc5 a6 34. Qd6 g6 35. Qd8 Rxe7 36.
Qxe8+ Rxe8 37. Rxe8+ Kf7 38. Ra8 1-0

[Event "*** Titled Tuesday Blitz"]
[Site "Chess.com"]
[Date "2021.03.02"]
[Round "6"]
[White "1800_strength"]
[Black "Susal_De_Silva"]
[Result "0-1"]
[WhiteElo "2504"]
[BlackElo "2655"]
[TimeControl "180+1"]
[EndTime "11:06:58 PST"]
[Termination "Susal_De_Silva won by resignation"]

1. Nc3 Nf6 2. e4 e5 3. f4 d5 4. fxe5 Nxe4 5. Qf3 Nxc3 6. dxc3 Be7 7. Bf4 Be6 8. O-O-O c5 9. Bc4 d4 10. Bxe6 fxe6 11.
Qg4 O-O 12. Qxe6+ Kh8 13. Ne2 Nc6 14. Rhf1 Bg5 15. Kb1 Bxf4 16. Nxf4 Re8 17. Qh3 Nxe5 18. cxd4 cxd4 19. Ne6 Qb6 20. Nxd4 Nc4 21. Nb3 Ne3 22. a4 Nxf1 23. Rxf1 Rac8 24. Rf7 Qc6 25. Qg4 Qxc2+ 26.
Ka2 Qg6 27. Qxg6 hxg6 28. Rxb7 Rc2 29. h4 Rxg2 30. Nd4 Rg4 31. Rd7 Ree4 32. Nf3 Rxa4+ 33. Kb3 Rab4+ 34. Ka3 Rb8 35. b3 Rg3 36. Ne5 Rgxb3+ 37.
Ka2 Kh7 38. Nf7 R3b4 39. Ng5+ Kg8 40. Rxa7 Rb2+ 41. Ka1 Rb1+ 42. Ka2 R8b2+ 43. Ka3 Ra1+ 44. Kxb2 Rxa7 45. Kc3 Ra4 0-1

[Event "*** Titled Tuesday Blitz"]
[Site "Chess.com"]
[Date "2021.03.02"]
[Round "6"]
[White "JoakimVonAnd"]
[Black "cstevens1"]
[Result "1-0"]
[WhiteElo "2512"]
[BlackElo "2616"]
[TimeControl "180+1"]
[EndTime "11:06:58 PST"]
[Termination "JoakimVonAnd won on time"]

1. d4 Nf6 2. c4 Nc6 3. Nf3 e6 4.
g3 d5 5. Nbd2 Bb4 6. Bg2 dxc4 7.
e3 Rb8 8. O-O b5 9. b3 Ba6 10.
Ne1 Nd5 11. Nc2 Be7 12. Re1 c3 13. Ne4 b4 14. a3 O-O 15. axb4 Ncxb4 16. Nxb4 Nxb4 17.
Nxc3 c5 18. dxc5 Bf6 19. Bb2 Nd3 20. Rxa6 Nxb2 21. Qxd8 Rfxd8 22. Ne4 Rxb3 23. Rxa7 Nd3 24. Rd1 Ne5 25. Nxf6+ 1-0

[Event "*** Titled Tuesday Blitz"]
[Site "Chess.com"]
[Date "2021.03.02"]
[Round "6"]
[White "mishanick"]
[Black "Lagmantr"]
[Result "1-0"]
[WhiteElo "3019"]
[BlackElo "2754"]
[TimeControl "180+1"]
[EndTime "11:06:59 PST"]
[Termination "mishanick won by checkmate"]

1. c4 e6 2. Nc3 d5 3. d4 Nf6 4. Nf3 c6 5. Bg5 h6 6. Bh4 g5 7.
Bg3 dxc4 8. e4 b5 9. Be2 Bg7 10. e5 Nd5 11. a4 O-O 12. Qc2 Na6 13. axb5 Nxc3 14. bxa6 Nxe2 15. Qxe2 g4 16. Nd2 Qxd4 17. Nxc4 h5 18. O-O Rb8 19. Bh4 Rb4 20. Rfc1 Re8 21.
Bg5 c5 22. Be3 Qd5 23. Bd2 Rxc4 24. Rxc4 Bxe5 25. Bc3 Bd4 26. Bxd4 cxd4 27. Qc2 Bxa6 28. Rc5 Qb7 29. Rxh5 f5 30. Qc5 Qd5 31. Qc7 Bb7 32.
Rg5+ Kf8 33. Qg7# 1-0

[Event "*** Titled Tuesday Blitz"]
[Site "Chess.com"]
[Date "2021.03.02"]
[Round "6"]
[White "Stouuf"]
[Black "Alex-11211"]
[Result "1-0"]
[WhiteElo "2602"]
[BlackElo "2357"]
[TimeControl "180+1"]
[EndTime "11:06:59 PST"]
[Termination "Stouuf won by resignation"]

1. e4 g6 2. h4 Bg7 3. h5 d5 4. exd5 Qxd5 5. Nc3 Qa5 6. Bc4 Nc6 7. d3 Bf5 8. Ne2 Bg4 9. h6 Bxc3+ 10. bxc3 Bxe2 11. Kxe2 Nf6 12. Bd2 O-O-O 13. Rb1 Ne5 14. Bb3 Qa6 15.
Bf4 Nfd7 16. Rh3 Qf6 17. Qd2 Nc5 18. Kf1 Nxb3 19. axb3 Nc6 20. Be3 Rd7 21. Kg1 e5 22.
Qe2 Qe6 23. b4 f5 24. Ra1 f4 25. Bc5 b6 26. b5 bxc5 27. bxc6 Qxc6 28. Qxe5 Rhd8 29.
Rxa7 Kb8 30. Ra5 Rd5 31. Qxf4 c4 32. Rxd5 Rxd5 33. d4 Qa4 34. Qe4 Kb7 35. Qxd5+ 1-0

[Event "*** Titled Tuesday Blitz"]
[Site "Chess.com"]
[Date "2021.03.02"]
[Round "6"]
[White "Vuk2000"]
[Black "frenchpin"]
[Result "1-0"]
[WhiteElo "2658"]
[BlackElo "2506"]
[TimeControl "180+1"]
[EndTime "11:07:00 PST"]
[Termination "Vuk2000 won by resignation"]

1. d4 e6 2. Nf3 Nf6 3. Bg5 d5 4.
e3 c5 5. c4 Nc6 6. cxd5 exd5 7.
Nc3 Be6 8. Bb5 h6 9. Bh4 Be7 10.
dxc5 O-O 11. Bxc6 bxc6 12. b4 a5 13. a3 Qb8 14. Nd4 Rc8 15. Rb1 axb4 16. axb4 Ra3 17. Nce2 Qa7 18. O-O Bd7 19. Qc2 Qa6 20. Ng3 Ra2 21.
Rb2 Rxb2 22. Qxb2 Rb8 23. Qc3 Qc4 24. Qxc4 dxc4 25. Ngf5 Bd8 26. Rb1 Ba5 27. Ne7+ Kf8 28. Nexc6 Rc8 29. Nxa5 Ne4 30. c6 Be6 31. Nxe6+ fxe6 32.
b5 c3 33. b6 g5 34. b7 Rb8 35. Bg3 Nxg3 36. hxg3 Rxb7 37. cxb7 c2 38. b8=Q+ 1-0

[Event "*** Titled Tuesday Blitz"]
[Site "Chess.com"]
[Date "2021.03.02"]
[Round "6"]
[White "Kapibara_Warri0r"]
[Black "dopolian"]
[Result "0-1"]
[WhiteElo "2220"]
[BlackElo "2403"]
[TimeControl "180+1"]
[EndTime "11:07:00 PST"]
[Termination "dopolian won by resignation"]

1. c4 Nf6 2. g3 c5 3. Bg2 e6 4.
Nf3 b6 5. O-O Bb7 6. Nc3 Be7 7. e3 O-O 8. d4 cxd4 9. exd4 d5 10. cxd5 Nxd5 11. Bd2 Nd7 12. Rc1 Rc8 13. Ne5 Nxe5 14.
dxe5 Nxc3 15. Bxc3 Bxg2 16. Kxg2 Qe8 17. Qf3 Qc6 18.
Rfd1 Qxf3+ 19. Kxf3 Rfd8 20. Rxd8+ Rxd8 21. Ke4 Rc8 22. Rd1 Rc7 23. f4 Kf8 24. Rd4 Ke8 25.
h3 Bc5 26. Rd3 a6 27. g4 g6 28. f5 Rd7 29. f6 Rxd3 30. Kxd3 Kd7 31. Bd4 Kc6 32. Kc4 b5+ 33. Kd3 Kd5 34. Bxc5 Kxc5 35. Ke4 Kc4 36. g5 Kc5 37. b3 b4 38. h4 a5 39. Ke3 Kd5 40. Kd3 Kxe5 41. Kc4 Kd6 42. Kb5 e5 43. Kxa5 Kc5 44. a3 bxa3 45. b4+ Kc4 46.
b5 a2 0-1

[Event "*** Titled Tuesday Blitz"]
[Site "Chess.com"]
[Date "2021.03.02"]
[Round "6"]
[White "Firegrizzly"]
[Black "Beca95"]
[Result "0-1"]
[WhiteElo "2671"]
[BlackElo "2891"]
[TimeControl "180+1"]
[EndTime "11:07:02 PST"]
[Termination "Beca95 won by checkmate"]

1. e4 e5 2. Nf3 Nc6 3. Bc4 Nf6 4. d3 h6 5. c3 d6 6. O-O g5 7. Nbd2 g4 8. Ne1 h5 9. Nc2 d5 10. Bb5 a6 11. Ba4 Be6 12. Qe2 b5 13. Bb3 d4 14. Bxe6 fxe6 15. Nb3 dxc3 16. bxc3 a5 17. a4 b4 18. c4 Nd7 19. Be3 Bh6 20. f3 Bxe3+ 21. Qxe3 Qe7 22. Rf2 O-O-O 23. fxg4 hxg4 24. Raf1 Rh7 25. g3 Rdh8 26. d4 exd4 27. Ncxd4 Nde5 28. Nxc6 Nxc6 29. c5 Ne5 30. c6 Nxc6 31. e5 Qd7 32.
Qe2 Qd5 33. Nd2 Kb7 34. Ne4 Nd4 35. Qe3 Nf3+ 36. Rxf3 Rxh2 37. Nd6+ Ka6 38. Qd3+ Qxd3 39. Rxd3 Rh1+ 40. Kf2 Rf8+ 41. Ke2 Rhxf1 42. Ne4 Rc1 43. Rd7 Rf3 44. Re7 Rc2+ 45. Kd1 b3 46. Rxe6+ Ka7 47. Nf6 Rf1# 0-1

[Event "*** Titled Tuesday Blitz"]
[Site "Chess.com"]
[Date "2021.03.02"]
[Round "6"]
[White "pavelalexandru07"]
[Black "Lion-Al-Messi"]
[Result "0-1"]
[WhiteElo "2290"]
[BlackElo "2430"]
[TimeControl "180+1"]
[EndTime "11:07:02 PST"]
[Termination "Lion-Al-Messi won on time"]

1. e4 b6 2. d4 Bb7 3. Nc3 e6 4. Bd3 Bb4 5. Nf3 Nf6 6. Qe2 d5 7. e5 Ne4 8. Bd2 Nxd2 9. Nxd2 Be7 10. O-O c5 11. dxc5 bxc5 12. Qg4 O-O 13. Rad1 Nd7 14.
f4 c4 15. Be2 Qb6+ 16. Kh1 Qxb2 17. Qh3 Qxc2 18. Nxc4 dxc4 19. Rxd7 Bb4 20. Rxb7 Bxc3 21. Bxc4 Rad8 22. Rbb1 Bxe5 23. Rbc1 Qb2 24. fxe5 Qxe5 25. Rce1 Qc5 26. Be2 g6 27. Bf3 Rd2 28. a4 a5 29. Qg4 Rd4 30. Qg3 Rxa4 31. Qf2 Qe7 32. Qc2 Rh4 33. Ra1 Qg5 34. Ra4 Rd8 35. Rxh4 Qxh4 36.
h3 a4 37. Ra1 Rd4 38. Qc8+ Kg7 39. Qc3 Qf6 40. Kh2 Qe5+ 41. g3 Qf6 42. Kg2 h5 43. Re1 h4 44. Qe3 hxg3 45. Kxg3 Qh4+ 46. Kg2 Kh7 47. Rc1 Rb4 48. Rc7 Rb2+ 0-1

[Event "*** Titled Tuesday Blitz"]
[Site "Chess.com"]
[Date "2021.03.02"]
[Round "6"]
[White "jacky72"]
[Black "ChristopherYoo"]
[Result "1-0"]
[WhiteElo "2708"]
[BlackElo "2888"]
[TimeControl "180+1"]
[EndTime "11:07:03 PST"]
[Termination "jacky72 won by resignation"]

1. d4 Nf6 2. c4 e6 3. Nf3 d5 4.
Nc3 dxc4 5. e3 a6 6. Bxc4 b5 7. Bb3 Bb7 8. O-O Nbd7 9. e4 b4 10. e5 bxc3 11. exf6 Qxf6 12. bxc3 Bxf3 13. Qxf3 Qxf3 14.
gxf3 Bd6 15. c4 c5 16. d5 Ne5 17. Kg2 exd5 18. cxd5 O-O 19. Bf4 Rfd8 20. Bxe5 Bxe5 21. Rac1 Rac8 22. Rfe1 f6 23. Rc4 Kf8 24. Ra4 Rd6 25.
f4 Bd4 26. Bc4 Rcd8 27. Re6 Rxd5 28. Bxd5 Rxd5 29. Raxa6 Rf5 30. Ra7 Rxf4 31. Rc6 Rxf2+ 32. Kg3 Re2 33. Rc8+ Re8 34. Rxe8+ Kxe8 35. Rxg7 c4 36.
Kf3 Be5 37. Rxh7 c3 38. Ke2 f5 39. Rh5 Ke7 40. Rxf5 Bxh2 41. Kd3 Ke6 42. Rf8 Be5 43. Rd8 Ke7 44. Rd5 Ke6 45. Ke4 Bd6 46. Rd3 Bb4 47.
Rd4 Ba5 48. a4 Bb6 49. Rc4 Ba5 50. Rc6+ Kd7 51. Kd5 Bb4 52. Rc4 Ba5 53. Kc5 Ke6 54. Kb5 Kd5 55. Rc8 1-0

[Event "*** Titled Tuesday Blitz"]
[Site "Chess.com"]
[Date "2021.03.02"]
[Round "6"]
[White "Ali-Farahat"]
[Black "miredenizdogan"]
[Result "0-1"]
[WhiteElo "2403"]
[BlackElo "2308"]
[TimeControl "180+1"]
[EndTime "11:07:03 PST"]
[Termination "miredenizdogan won by resignation"]

1. e4 e6 2. d4 d5 3. Nd2 dxe4 4. Nxe4 Nd7 5. Nf3 Ngf6 6. Nxf6+ Nxf6 7. Bg5 c5 8. Bb5+ Bd7 9. Bxd7+ Qxd7 10. Qe2 cxd4 11. O-O-O Bc5 12. Nxd4 Bxd4 13. Bxf6 gxf6 14. c3 O-O-O 15.
Rxd4 Qe7 16. Qc4+ Kb8 17. Rhd1 Rxd4 18. Qxd4 Rg8 19. g3 Rc8 20. Qd7 Rc7 21. Qd8+ Qxd8 22.
Rxd8+ Rc8 23. Rxc8+ Kxc8 24. Kd2 Kd7 25. Ke3 Kd6 26. Kf4 Kd5 27. b3 b5 28. f3 a5 29.
Ke3 f5 30. h4 h5 31. Kf4 f6 32. c4+ bxc4 33. bxc4+ Kxc4 34. g4 fxg4 35. fxg4 e5+ 36. Kg3 Kd5 37. gxh5 Ke6 38. Kg4 Kf7 39. Kf5 Kg7 40. Kg4 Kh6 41. a4 e4 42. Kf4 f5 0-1

[Event "*** Titled Tuesday Blitz"]
[Site "Chess.com"]
[Date "2021.03.02"]
[Round "6"]
[White "Volodar_Murzin"]
[Black "sergeikim"]
[Result "1-0"]
[WhiteElo "2691"]
[BlackElo "2518"]
[TimeControl "180+1"]
[EndTime "11:07:04 PST"]
[Termination "Volodar_Murzin won on time"]

1. e4 e5 2. Nf3 Nc6 3. Bc4 Bc5 4. O-O Nf6 5. d3 d6 6. c3 a6 7. a4 Ba7 8. b4 O-O 9. h3 h6 10. Be3 Be6 11. Nbd2 Re8 12. b5 Ne7 13. Bxe6 fxe6 14. Nc4 Ng6 15. Qb3 Bxe3 16. fxe3 axb5 17. axb5 Rxa1 18.
Rxa1 Nh5 19. Ra7 Rf8 20. Rxb7 Rxf3 21. gxf3 Qg5+ 22. Kf2 Nh4 23. Ke2 Qg2+ 24. Kd1 Nxf3 25. Kc1 Ng3 26. Qc2 Qf1+ 27. Qd1 Qf2 28. Rb8+ Kh7 29.
Rf8 Ne2+ 30. Kb2 Nf4+ 31. Kb3 1-0

[Event "*** Titled Tuesday Blitz"]
[Site "Chess.com"]
[Date "2021.03.02"]
[Round "6"]
[White "KonstantinB_1983"]
[Black "Cuajada_Zero"]
[Result "0-1"]
[WhiteElo "2537"]
[BlackElo "2295"]
[TimeControl "180+1"]
[EndTime "11:07:04 PST"]
[Termination "Cuajada_Zero won by checkmate"]

1. d4 d5 2. c4 e6 3. Nc3 Nf6 4. Bg5 Bb4 5. Qa4+ Nc6 6. e3 h6 7. Bxf6 Qxf6 8. Nf3 O-O 9. a3 Bxc3+ 10. bxc3 dxc4 11.
Bxc4 e5 12. Bb5 exd4 13. Bxc6 bxc6 14. cxd4 c5 15. Rc1 cxd4 16. Nxd4 Bb7 17. O-O Qg5 18. g3 c5 19. Nb3 Qd5 20. f3 Rfc8 21. e4 Qd3 22. Na5 Qe3+ 23. Kg2 Ba6 24. Rfe1 Be2 25. Qb3 Bxf3+ 26. Kf1 Qxb3 27. Nxb3 Bg4 28. Nxc5 Rab8 29. Rc2 Rb5 30. Rec1 a5 31. a4 Rb4 32. Rc4 Rb2 33.
R1c2 Rb1+ 34. Kf2 Rh1 35. Ke3 Ra1 36. Kf4 Bh3 37. Nb3 Rxc4 38. Rxc4 Ra3 39. Nxa5 Be6 40. Rb4 Kh7 41. Nb7 f6 42. Nc5 g5# 0-1

[Event "*** Titled Tuesday Blitz"]
[Site "Chess.com"]
[Date "2021.03.02"]
[Round "6"]
[White "elohunter1999"]
[Black "Matensien"]
[Result "1-0"]
[WhiteElo "2626"]
[BlackElo "2494"]
[TimeControl "180+1"]
[EndTime "11:07:05 PST"]
[Termination "elohunter1999 won by resignation"]

1. Nf3 Nf6 2. c4 g6 3. Nc3 Bg7 4. e4 c5 5. d4 cxd4 6. Nxd4 Nc6 7. Be3 d6 8. Be2 O-O 9. O-O Bd7 10. Qd2 Nxd4 11.
Bxd4 Bc6 12. f3 a5 13. b3 Nd7 14. Be3 Nc5 15. Rac1 e6 16. Rfd1 Be5 17. Bf1 Qe7 18.
Ne2 Rfd8 19. Nd4 h5 20. Qf2 Rdc8 21. Rd2 Qf6 22. Rcd1 Rd8 23. g3 Qe7 24. Bg2 Bg7 25.
h4 Qc7 26. Kh2 Bf6 27. Nxc6 bxc6 28. f4 Bc3 29. Rc2 Bg7 30. e5 Nb7 31. Bb6 Qc8 32. Bxd8 Qxd8 33. exd6 Qd7 34. Qb6 Rc8 35. c5 Bf6 36. a3 Bd8 37. Qa6 Bf6 38. b4 axb4 39.
axb4 Nd8 40. b5 cxb5 41. c6 Nxc6 42. Rxc6 Rxc6 43. Qxc6 1-0

[Event "*** Titled Tuesday Blitz"]
[Site "Chess.com"]
[Date "2021.03.02"]
[Round "6"]
[White "Kaua18"]
[Black "ehrenfeld"]
[Result "0-1"]
[WhiteElo "2339"]
[BlackElo "2498"]
[TimeControl "180+1"]
[EndTime "11:07:06 PST"]
[Termination "ehrenfeld won on time"]

1. e4 e5 2. Nf3 Nc6 3. Bb5 a6 4. Ba4 Nf6 5. O-O Be7 6. Re1 b5 7. Bb3 d6 8. c3 O-O 9. h3 Na5 10.
Bc2 c5 11. d4 Qc7 12. Nbd2 Bd7 13. Nf1 Rfe8 14. Ng3 Nc4 15. b3 Nb6 16. dxe5 dxe5 17.
Qe2 a5 18. c4 b4 19. Bb2 Bf8 20. Rad1 g6 21. Nf1 Bc6 22. Ne3 Nbd7 23. Nd5 Bxd5 24. exd5 Bd6 25. Ng5 a4 26. Bb1 axb3 27. axb3 Bf8 28.
Qf3 Bg7 29. Qg3 Nh5 30. Qf3 Nhf6 31. d6 Qd8 32. Qe2 h6 33. Ne4 Ra6 34. f3 Nh5 35. g3 f5 36. g4 Nf4 37. Qd2 fxe4 38. Bxe4 Qh4 39. Qh2 Ra2 0-1

[Event "*** Titled Tuesday Blitz"]
[Site "Chess.com"]
[Date "2021.03.02"]
[Round "6"]
[White "Pantata007"]
[Black "LileKoridze"]
[Result "0-1"]
[WhiteElo "2245"]
[BlackElo "2412"]
[TimeControl "180+1"]
[EndTime "11:07:06 PST"]
[Termination "LileKoridze won on time"]

1. d4 Nf6 2. c4 e6 3. Nc3 Bb4 4. e3 O-O 5. Ne2 d5 6. a3 Be7 7. Ng3 c6 8. Bd3 b6 9. O-O Ba6 10. cxd5 Bxd3 11. Qxd3 cxd5 12. b4 Nc6 13. Bb2 Rc8 14.
Rac1 a5 15. b5 Nb8 16. a4 Nbd7 17. Rfd1 Rc4 18. e4 Qc7 19. exd5 Rc8 20. dxe6 fxe6 21. h3 Bb4 22. Nce4 Nd5 23. Ng5 Nf8 24. Qe4 Qe7 25. Rxc4 Rxc4 26. Nf3 Bc3 27. Rc1 Qb4 28. Bxc3 Nxc3 29. Qd3 Qxa4 30. Kh2 Qa3 31. Qe3 Qb2 32. Re1 Nxb5 33. Qe5 Nxd4 34. Nxd4 Qxd4 35. Qxd4 Rxd4 36. Rb1 Rd6 37. Ne4 Rc6 38. Ng5 h6 39. Nf3 Rd6 40. Kg3 Nd7 41. h4 Nc5 42. h5 Ne4+ 43.
Kf4 Nc3 44. Rc1 Ne2+ 0-1

[Event "*** Titled Tuesday Blitz"]
[Site "Chess.com"]
[Date "2021.03.02"]
[Round "6"]
[White "lelya96"]
[Black "Synctel"]
[Result "1-0"]
[WhiteElo "2266"]
[BlackElo "2020"]
[TimeControl "180+1"]
[EndTime "11:07:07 PST"]
[Termination "lelya96 won on time"]

1. d4 Nf6 2. Bg5 d5 3. Nf3 c5 4. e3 Nc6 5. c3 Qb6 6. Qc1 Bf5 7.
Be2 e6 8. O-O Rc8 9. Nbd2 cxd4 10.
exd4 Be7 11. Re1 h6 12. Bf4 O-O 13. Nb3 Ne4 14. Be3 a5 15. Nbd2 a4 16. Nxe4 Bxe4 17. Nd2 Bg6 18. Bd1 Nb4 19. Bxa4 Nd3 20. Qd1 Nxe1 21.
Qxe1 Qxb2 22. Nf3 Rxc3 23. h3 Ra8 24. Qd1 Rxa4 25. Qxa4 Qxa1+ 26. Kh2 Qb2 27. Qe8+ Kh7 28. Qxe7 Qxa2 29. Qxb7 Rb3 30. Qe7 Rb1 31. Ne5 Qa1 32.
Nxg6 fxg6 33. Qxe6 Rh1+ 34. Kg3 Qa2 35. Qe5 Re1 36. h4 1-0

[Event "*** Titled Tuesday Blitz"]
[Site "Chess.com"]
[Date "2021.03.02"]
[Round "6"]
[White "As0nchess"]
[Black "ShimanovAlex"]
[Result "1/2-1/2"]
[WhiteElo "2627"]
[BlackElo "2803"]
[TimeControl "180+1"]
[EndTime "11:07:08 PST"]
[Termination "Game drawn by repetition"]

1. e4 b6 2. d4 Bb7 3. Bd3 e6 4. Nf3 c5 5. c3 Nf6 6. Qe2 d5 7. e5 Nfd7 8. h4 Nc6 9. a3 h6 10. b4 a6 11. Nbd2 Qc7 12. h5 cxd4 13. cxd4 b5 14.
Nb3 Nb6 15. Nc5 Nc4 16. O-O Bxc5 17. bxc5 O-O-O 18. Be3 f6 19. exf6 gxf6 20. a4 b4 21.
Nd2 Nxd2 22. Qxd2 e5 23. Bf5+ Kb8 24. a5 Bc8 25. Bxc8 Qxc8 26. Rab1 Ka7 27. f3 Rhg8 28. Rb2 Rd7 29. Rf2 Qe8 30. dxe5 fxe5 31. Rxb4 d4 32.
Bxh6 Nxb4 33. Qxb4 Rb7 34. Qc4 Rh8 35. c6 Rc7 36. Qc5+ Ka8 37. Bg7 Rxg7 38. c7 Qc8 39. Rc2 d3 40. Qd5+ Ka7 41. Qc5+ Ka8 42. Qd5+ Ka7 43.
Qc5+ Ka8 1/2-1/2

[Event "*** Titled Tuesday Blitz"]
[Site "Chess.com"]
[Date "2021.03.02"]
[Round "6"]
[White "Grimlock_Glasgow"]
[Black "FlySooHigh"]
[Result "1-0"]
[WhiteElo "2471"]
[BlackElo "2683"]
[TimeControl "180+1"]
[EndTime "11:07:08 PST"]
[Termination "Grimlock_Glasgow won by resignation"]

1. e4 c5 2. Nc3 d6 3. d4 cxd4 4. Qxd4 Nc6 5. Qd2 g6 6. b3 Bh6 7.
f4 Nf6 8. Bb2 O-O 9. O-O-O e5 10. g3 Bg4 11. Be2 Re8 12. Kb1 Nd4 13. Bxg4 Nxg4 14.
Nge2 Nf2 15. Nxd4 Nxd1 16. Nxd1 exd4 17. Qxd4 f6 18. Ne3 Bg7 19. Nd5 Rc8 20. g4 Rf8 21. g5 Rf7 22. gxf6 Bf8 23. Ne7+ Bxe7 24. fxe7 Rxe7 25.
Qh8+ Kf7 26. Qxh7+ Ke8 27. Qxg6+ Rf7 28. e5 dxe5 29.
fxe5 Qd5 30. Re1 Qd2 31. Rc1 Ke7 32. Ba3+ Kd7 33. e6+ Kc6 34. exf7+ 1-0

[Event "*** Titled Tuesday Blitz"]
[Site "Chess.com"]
[Date "2021.03.02"]
[Round "6"]
[White "Rondo_Capriccioso"]
[Black "catzapto"]
[Result "0-1"]
[WhiteElo "2460"]
[BlackElo "2093"]
[TimeControl "180+1"]
[EndTime "11:07:08 PST"]
[Termination "catzapto won by checkmate"]

1. e4 c5 2. Nf3 e6 3. d4 cxd4 4. Nxd4 Nf6 5. Bd3 Nc6 6. Nxc6 bxc6 7. O-O d5 8. Nc3 dxe4 9. Nxe4 Nxe4 10. Bxe4 Bb7 11.
Qf3 Qc7 12. Bf4 Bd6 13. Bxd6 Qxd6 14. Rad1 Qc7 15. Qa3 Qe7 16. Qa4 O-O 17. Bxc6 Bxc6 18. Qxc6 Rfc8 19. Qe4 Rab8 20. b3 Qa3 21. Rd2 Qxa2 22.
Rfd1 g6 23. h4 Qb2 24. h5 gxh5 25. Qh4 Qe5 26. Rd3 Rc3 27. Rxc3 Qxc3 28. Rd3 Qe1+ 29. Kh2 Qe5+ 30. f4 Qf5 31. Rg3+ Kf8 32. Rg5 Qxc2 33. Rxh5 Kg8 34. f5 Qc7+ 35. g3 Rxb3 36. Qg5+ Kf8 37.
Qh6+ Ke8 38. Qxh7 Qxg3+ 39. Kh1 Rb1# 0-1

[Event "*** Titled Tuesday Blitz"]
[Site "Chess.com"]
[Date "2021.03.02"]
[Round "6"]
[White "Eloist"]
[Black "Na_binci"]
[Result "0-1"]
[WhiteElo "2319"]
[BlackElo "2156"]
[TimeControl "180+1"]
[EndTime "11:07:08 PST"]
[Termination "Na_binci won on time"]

1. e4 c5 2. Nf3 d6 3. Bb5+ Bd7 4. Bxd7+ Qxd7 5. c4 Qg4 6. O-O Qxe4 7. d4 Nd7 8. Nc3 Qc6 9. d5 Qc7 10. Re1 a6 11. Bg5 Ngf6 12. Qe2 h6 13. Bxf6 Nxf6 14. Rad1 O-O-O 15. Rd3 g5 16. Re3 Rg8 17. Nd2 g4 18. a3 h5 19. b4 Nd7 20. Nb3 Ne5 21. bxc5 Nf3+ 22. Kh1 Nxe1 23. Qxe1 dxc5 24. Na4 b6 25.
Nc3 h4 26. a4 g3 27. a5 Qf4 28. Rf3 gxf2 29. Qxf2 Qxc4 30. Ne2 b5 31. Nxc5 Rxd5 32.
Nxa6 Kd7 33. Nb8+ Ke8 34. a6 Rd1+ 35. Ng1 h3 36. Rxh3 e6 37. a7 Bc5 38. a8=Q Bxf2 0-1

[Event "*** Titled Tuesday Blitz"]
[Site "Chess.com"]
[Date "2021.03.02"]
[Round "6"]
[White "blitis"]
[Black "Chernobay_Artem"]
[Result "1-0"]
[WhiteElo "2515"]
[BlackElo "2607"]
[TimeControl "180+1"]
[EndTime "11:07:09 PST"]
[Termination "blitis won on time"]

1. e4 e6 2. d4 d5 3. exd5 exd5 4. Qf3 Nf6 5. h3 Nc6 6. c3 Ne7 7. Bd3 Ng6 8. Bg5 Be7 9. Ne2 O-O 10. O-O h6 11.
Bxf6 Bxf6 12. Bxg6 fxg6 13. Nf4 c6 14. Nxg6 Rf7 15.
Qg3 Bf5 16. Nd2 Qb6 17. b4 a5 18. a3 Qb5 19. Nf3 Qd3 20. Nfe5 Qxg3 21. fxg3 Bxg6 22.
Nxg6 b5 23. Nf4 Rfa7 24. Rae1 axb4 25. axb4 Ra3 26. Rf3 Rb3 27. Nh5 Bg5 28. h4 Bd2 29.
Re7 Bxc3 30. Rxg7+ Kh8 31. Kh2 Rba3 32. Rf4 Bxb4 33. Rff7 1-0

[Event "*** Titled Tuesday Blitz"]
[Site "Chess.com"]
[Date "2021.03.02"]
[Round "6"]
[White "Coiote53"]
[Black "elcandado"]
[Result "0-1"]
[WhiteElo "2360"]
[BlackElo "2609"]
[TimeControl "180+1"]
[EndTime "11:07:11 PST"]
[Termination "elcandado won by resignation"]

1. e4 e5 2. Nf3 Nc6 3. d4 exd4 4. Nxd4 Bc5 5. Nxc6 Qf6 6. Qf3 Qxf3 7. gxf3 dxc6 8. Nc3 Ne7 9. Be3 Bd6 10. f4 f6 11.
Bc4 Ng6 12. Ne2 Bg4 13. Rg1 Bxe2 14. Kxe2 Nxf4+ 15. Bxf4 Bxf4 16. Rxg7 O-O-O 17. Rd1 Rxd1 18. Kxd1 Bxh2 19. Ke2 b5 20. Be6+ Kb7 21. Bf5 h5 22. Ke3 Bd6 23. Rh7 Rxh7 24. Bxh7 Be5 25. b3 Kb6 26. f4 Bd6 27. Bf5 a6 28. Bh3 Kc5 29. c3 Kb6 30. Bf1 Ba3 31. f5 Bb2 32. Kd3 Kc5 33. b4+ Kd6 34. c4 c5 35. cxb5 axb5 36. Kc2 Ba1 37. bxc5+ Kxc5 38. Kd3 h4 39. Bg2 Be5 40. Bh3 Kb4 41. Kc2 c6 42. Bf1 Ka3 43. Kb1 Ka4 44. Kc2 c5 45. Kc1 c4 46. Kc2 Kb4 47. Bg2 Kc5 48. Kd2 Kd4 49. Ke2 Kc3 50. Kd1 Kb2 0-1

[Event "*** Titled Tuesday Blitz"]
[Site "Chess.com"]
[Date "2021.03.02"]
[Round "6"]
[White "ChessNinja48"]
[Black "Gurvich_Vitaly"]
[Result "0-1"]
[WhiteElo "2425"]
[BlackElo "2591"]
[TimeControl "180+1"]
[EndTime "11:07:12 PST"]
[Termination "Gurvich_Vitaly won by resignation"]

1. d4 d5 2. Nf3 Bf5 3. c4 e6 4.
Nc3 c6 5. Qb3 Qb6 6. c5 Qc7 7.
g3 Nf6 8. Bf4 Qc8 9. Bg2 Nbd7 10. O-O h6 11. Rfe1 Be7 12. Ne5 O-O 13. Nxd7 Qxd7 14.
h3 Bh7 15. Qa4 b5 16. Qd1 a5 17. g4 Rfd8 18. e3 Re8 19. Qf3 Bd8 20. Qg3 Ra7 21. Rad1 a4 22. a3 Ba5 23. Bf3 Bc2 24. Rd2 Bg6 25.
h4 Bc7 26. h5 Bh7 27. g5 hxg5 28. Qxg5 Qe7 29. h6 Bg6 30. Be5 Bxe5 31. Qxe5 gxh6 32.
e4 Kh7 33. exd5 exd5 34. Rde2 Qxe5 35. dxe5 Nd7 36. e6 Rxe6 37. Rxe6 fxe6 38. Rxe6 Nb8 39. Rd6 Rc7 40. Rd8 Nd7 41. Ne2 Nxc5 42. Nd4 Be4 43. Bh5 Rg7+ 44. Kf1 Rg5 45. Be8 Rg8 46. Rc8 Kg7 47. Rc7+ Kf6 48. Bxc6 Nd3 49. f3 Bg6 50. Bxd5 Rd8 51. Rc6+ Ke5 52. Ne6 Rxd5 0-1

[Event "*** Titled Tuesday Blitz"]
[Site "Chess.com"]
[Date "2021.03.02"]
[Round "6"]
[White "Gogolev_Artemy"]
[Black "Szparu"]
[Result "0-1"]
[WhiteElo "2493"]
[BlackElo "2658"]
[TimeControl "180+1"]
[EndTime "11:07:13 PST"]
[Termination "Szparu won by checkmate"]

1. c4 c5 2. Nf3 Nf6 3. e3 g6 4. d4 Bg7 5. d5 O-O 6. Nc3 e6 7. e4 exd5 8. cxd5 d6 9. Be2 b5 10. Bxb5 Nxe4 11. Nxe4 Qa5+ 12. Nc3 Bxc3+ 13. bxc3 Qxb5 14.
Qe2 Re8 15. Be3 Ba6 16. Qxb5 Bxb5 17. Kd2 Nd7 18. Bf4 Nb6 19. Rhe1 Red8 20. Rab1 Bc4 21. a4 Bxd5 22. a5 Nc4+ 23. Kd3 Nxa5 24. Ng5 Bc4+ 25. Kc2 Re8 26. Bxd6 Red8 27. Red1 Rac8 28.
Rd2 h6 29. Ne4 Be6 30. Re1 Nc4 31. Rdd1 Bf5 32. Be7 Re8 33. Kc1 Rxe7 34. Nf6+ Kf8 35. Nh7+ Kg7 36. Rxe7 Kxh7 37. Rxf7+ Kg8 38. Rxa7 Rb8 39.
Rd6 Rb1# 0-1